 Dungeon Crawl Stone Soup version 0.31-a0-339-gda1cbd555d (webtiles) character file.

Game seed: 15012379669400141355

307 Maxmaps the Trooper (level 6, -3/67 HPs)
             Began as an Ogre Shapeshifter on July 20, 2023.
             Slain by a gnoll
             ... wielding a +0 club
             ... led by a gnoll bouda
              (9 damage)
             ... on level 4 of the Dungeon.
             The game lasted 00:04:38 (3164 turns).

Maxmaps the Trooper (Ogre Shapeshifter)             Turns: 3164, Time: 00:04:38

Health: -3/67      AC:  3    Str: 20    XL:     6   Next: 40%
Magic:  6/6        EV:  9    Int: 11    God:
Gold:   208        SH:  0    Dex:  9    Spells: 5/5 levels left

rFire   . . .        n - +1 mace (protect)
rCold   . . .        (no shield)
rNeg    . . .        a - +0 animal skin
rPois   .            l - melded +0 hat {SInv}
rElec   .            (cloak currently unavailable)
rCorr   .            (gloves unavailable)
SInv    .            (boots unavailable)
Will    .....        (no amulet)
Stlth   +            (no ring)
HPRegen 0.31/turn    (no ring)
MPRegen 0.10/turn

%: no passive effects
@: beast-form
A: beast (slay +3), large, unfitting armour, tough skin 1
a: Begin Untransformation


You were on level 4 of the Dungeon.
You were a hulking beast.
You visited 1 branch of the dungeon, and saw 4 of its levels.

You collected 208 gold pieces.

Inventory:

Hand Weapons
 h - a +0 mace
 n - a +1 mace of protection (weapon)
Missiles
 u - a throwing net
Armour
 a - a +0 animal skin (worn)
 l - a +0 hat of see invisible (melded)
Jewellery
 x - a ring of flight
Talismans
 c - a beast talisman
 r - a serpent talisman
 t - a dragon-blood talisman
Scrolls
 d - 4 scrolls of enchant weapon {unknown}
 e - 3 scrolls of identify {unknown}
 g - 3 scrolls of blinking {unknown}
 i - a scroll of fear {unknown}
 j - 2 scrolls of brand weapon {unknown}
 k - 2 scrolls of teleportation {unknown}
 m - 2 scrolls of noise {unknown}
 o - 2 scrolls of summoning {unknown}
 s - a scroll of torment {unknown}
Potions
 b - 2 potions of lignification
 f - 3 potions of might {unknown}
 p - 2 potions of attraction {unknown}
 q - a potion of curing {unknown}
 v - a potion of heal wounds {unknown}
 w - 2 potions of brilliance {unknown}


   Skills:
 - Level 6.0 Fighting
 - Level 1.7 Dodging
 - Level 2.6 Unarmed Combat
 + Level 4.7 Shapeshifting


You had 5 spell levels left.
You didn't know any spells.
Your spell library contained the following spells:

 Spells                   Type           Power      Damage    Failure   Level
 Ensorcelled Hibernation  Hex/Ice        0%         N/A       47%         2
 Passwall                 Tmut/Erth      0%         N/A       47%         2
 Swiftness                Air            0%         N/A       71%         3


Dungeon Overview and Level Annotations

Branches:
Dungeon (4/15)
 Temple: D:4-7

Altars:
Elyvilon
Okawaru


Innate Abilities, Weirdness & Mutations

You are a hulking beast.
Your limbs bulge with bestial killing power. (Slay +3)
You are too large for most types of armour.
You have tough skin. (AC +1)


Message History

The gnoll bouda barks out a call to the hunt!
The gnoll picks up the pace!
The gnoll closely misses you.
You hit the gnoll bouda.
The gnoll bouda is moderately wounded.
The gnoll is no longer moving quickly.
The gnoll bouda barks out a call to the hunt!
The gnoll picks up the pace!
The gnoll barely misses you. The gnoll bouda closely misses you.
You hit the gnoll bouda.
The gnoll bouda is heavily wounded.
The gnoll is no longer moving quickly.
The gnoll hits you from afar with a +0 halberd.
The gnoll bouda hits you with a +2 whip of electrocution.
You are electrocuted!
The gnoll hits you from afar with a +0 halberd.
You barely miss the gnoll bouda.
The gnoll bouda is heavily wounded.
Your attacks no longer feel as feeble.
The gnoll bouda hits you with a +2 whip of electrocution.
* * * LOW HITPOINT WARNING * * *
The gnoll barely misses you.
You closely miss the gnoll bouda.
The gnoll bouda is heavily wounded.
The gnoll bouda barks out a call to the hunt!
The gnoll picks up the pace!
The gnoll hits you but does no damage. The gnoll bouda barely misses you.
The gnoll hits you but does no damage.
You thump the gnoll bouda!
You kill the gnoll bouda!
The gnoll hits you from afar with a +0 halberd.
* * * LOW HITPOINT WARNING * * *
The gnoll hits you but does no damage. The gnoll attacks as you move away!
The gnoll barely misses you. The gnoll hits you with a +0 club.
* * * LOW HITPOINT WARNING * * *
The gnoll hits you from afar with a +0 halberd!
* * * LOW HITPOINT WARNING * * *
The gnoll attacks as you move away! The gnoll hits you with a +0 club!
You die...

#.........##.#.#...........#
#.........##...####........#
#.........##.#.# #........#
#.........##.#.# #.......)#
#.........##...#
###.##########
######.#######[#
#............. #....# #.#
#....######### ####.# #.#
#.^..# #####.####h# #....#
#........#g###....#
#.....##.#g.##....#
#.....##.g...###### #
#.....####...# # #...(.#
#S#..# # ####### #.##.# ##
#)# ... ... #.. ##.. ###


You could see 3 gnolls and a ball python.

Vanquished Creatures
  A centaur (D:4)
  An orc priest (D:4)
  A gnoll bouda (D:4)
  An orc wizard (D:4)
  4 gnolls
  5 adders
  4 dart slugs
  4 orcs (D:4)
  4 ball pythons
  3 endoplasms
  A hobgoblin (D:3)
  4 jackals (D:4)
  5 kobolds
  4 quokkas
  7 bats
  3 goblins
  2 rats
54 creatures vanquished.

Notes
Turn   | Place    | Note
-------+----------+-------------------------------------------
     0 | D:1      | Maxmaps the Ogre Shapeshifter began the quest for the Orb.
     0 | D:1      | Reached XP level 1. HP: 19/19 MP: 1/1
   247 | D:1      | Reached skill level 2 in Fighting
   288 | D:1      | Reached XP level 2. HP: 26/29 MP: 2/2
   515 | D:1      | Reached skill level 3 in Fighting
   795 | D:1      | Reached XP level 3. HP: 34/39 MP: 3/3
   888 | D:2      | Reached skill level 4 in Fighting
   930 | D:2      | Found an iron altar of Okawaru.
  1815 | D:3      | Identified the +6 dagger of Yviedwut {flame, Dex+5 SInv
                  | Stlth+}
  1830 | D:3      | Reached skill level 5 in Fighting
  1830 | D:3      | Reached XP level 4. HP: 50/50 MP: 4/4
  1906 | D:3      | Found a white marble altar of Elyvilon.
  2355 | D:3      | Found an iron altar of Okawaru.
  2423 | D:4      | Reached skill level 6 in Fighting
  2513 | D:4      | Reached XP level 5. HP: 21/59 MP: 5/5
  2608 | D:4      | Noticed a centaur
  2615 | D:4      | Killed a centaur
  2620 | D:4      | Reached XP level 6. HP: 13/67 MP: 6/6
  3146 | D:4      | Identified the +3 dagger of Hepliaklqana, Building {elec,
                  | Dex+5 Stlth+}
  3164 | D:4      | Slain by a gnoll

Illustrated notes

Levels and vault maps discovered:
D:1:      matt_arrival_diagonals, layout_basic, grunt_decor_mini_mirrors
D:2:      layout_loops_ring, basic_altar
D:3:      layout_rooms, mainiacjoe_overflow_boulevard, old_standard_altar,
          nrook_mini_vaults, ebering_dispersal_statue_hall
D:4:      layout_basic, minmay_temple_entry_waves

Skill      XL: |  1  2  3  4  5 |
---------------+----------------+-----
Fighting       | 2 3 5 6 |  6.0
Shapeshifting  | 4 |  4.7
Dodging        | |  1.7
Unarmed Combat | |  2.6

Action                     |  1- 3 |  4- 6 || total
---------------------------+-------+-------++-------
  Melee: Mace              |    74 |    97 ||   171
         Unarmed           |     3 |       ||     3
         Punch             |       |     2 ||     2
 Armour: Animal skin       |    37 |    43 ||    80
  Dodge: Dodged            |    53 |    66 ||   119
         Form:             |     1 |       ||     1
         Beast             |     1 |       ||     1

Table legend: (Time is in decaauts)
 A = Elapsed time spent in this place.
 B = Non-inter-level travel time spent in this place.
 C = Inter-level travel time spent in this place.
 D = Time resting spent in this place.
 E = Time spent auto-exploring this place.
 F = Levels seen in this place.
 G = Mean time per level.
                   A        B        C        D        E       F      G
               +--------+--------+--------+--------+--------+-----+--------+
         Total |   3230 |   3147 |     83 |    675 |   1907 |   4 |  807.5 |
       Dungeon |   3230 |   3147 |     83 |    675 |   1907 |   4 |  807.5 |
               +--------+--------+--------+--------+--------+-----+--------+

Top non-repeatable levels by time:
     D:1: 861 daAuts
     D:2: 835 daAuts
     D:4: 779 daAuts
     D:3: 754 daAuts
